 Dungeon Crawl Stone Soup version 0.26-a0-365-g11c2b627af (webtiles) character file.

Game seed: 6461270728310462377

1137 Corto the Geomancer (level 8, -7/41 HPs)
             Began as a Gargoyle Earth Elementalist on July 19, 2020.
             Was an Initiate of Vehumet.
             Mangled by a four-headed hydra (9 damage)
             ... on level 6 of the Dungeon.
             The game lasted 00:25:01 (8560 turns).

Corto the Geomancer (Gargoyle Earth Elementalist)   Turns: 8560, Time: 00:25:02

Health: -7/41      AC:  9    Str: 12    XL:     8   Next: 36%
Magic:  17/17      EV: 12    Int: 24    God:    Vehumet [......]
Gold:   218        SH:  0    Dex: 10    Spells: 8/19 levels left

rFire    . . .     SeeInvis .   m - +1 whip (venom)
rCold    . . .     Faith    .   (no shield)
rNeg     + . .     Spirit   .   c - +0 robe
rPois    ∞         Reflect  .   B - +0 hat
rElec    +         Harm     .   (no cloak)
rCorr    .                      E - +0 pair of gloves
MR       .....                  q - +0 pair of boots
Stlth    ++........             r - amulet of magic regeneration
HPRegen  0.13/turn              F - +6 ring of intelligence
MPRegen  0.40/turn              z - +4 ring of slaying

@: no status effects
A: negative energy resistance 1, electricity resistance, unbreathing,
petrification resistance, rot immunity, AC +5
a: Renounce Religion


You were on level 6 of the Dungeon.
You worshipped Vehumet.
Vehumet was noncommittal.
You visited 2 branches of the dungeon, and saw 7 of its levels.

You collected 248 gold pieces.
You spent 30 gold pieces at shops.

Inventory:

Hand Weapons
 m - a +1 whip of venom (weapon)
 w - a +0 lajatang
Missiles
 b - 76 stones (quivered)
Armour
 c - a +0 robe (worn)
 q - a +0 pair of boots (worn)
 B - a +0 hat (worn)
 E - a +0 pair of gloves (worn)
Jewellery
 r - an amulet of magic regeneration (around neck)
 y - an uncursed ring of see invisible
 z - a +4 ring of slaying (right hand)
 F - a +6 ring of intelligence (left hand)
Wands
 o - a wand of acid (2)
 v - a wand of polymorph (12)
 D - a wand of flame (17)
Scrolls
 a - 6 scrolls of remove curse {unknown}
 e - 2 scrolls of magic mapping {unknown}
 f - 10 scrolls of identify {unknown}
 h - 2 scrolls of amnesia {unknown}
 i - 3 scrolls of noise {unknown}
 j - 3 scrolls of immolation {unknown}
 k - 2 scrolls of fear {unknown}
 n - 2 scrolls of enchant armour {unknown}
 p - 3 scrolls of teleportation {unknown}
 t - a scroll of random uselessness {unknown}
 u - 2 scrolls of blinking {unknown}
 x - a scroll of enchant weapon {unknown}
 A - a scroll of fog {unknown}
Potions
 d - 2 potions of heal wounds {unknown}
 g - 3 potions of resistance {unknown}
 l - 2 potions of degeneration {unknown}
 s - a potion of stabbing {unknown}
 G - 2 potions of brilliance {unknown}
 H - 3 potions of curing {@q1}


   Skills:
 + Level 0.5 Maces & Flails
 + Level 0.6 Armour
 - Level 1.5 Dodging
 - Level 2.1 Stealth
 + Level 6.4 Spellcasting
 + Level 0.6 Conjurations
 - Level 0.7 Transmutations
 + Level 8.8 Earth Magic
 + Level 0.6 Evocations


You had 8 spell levels left.
You knew the following spells:

 Your Spells              Type           Power        Failure   Level
a - Sandblast             Erth           #####.       1%          1
b - Stone Arrow           Conj/Erth      ####..       3%          3
c - Lee's Rapid Deconstr  Erth           #####.....   6%          5
d - Passwall              Tmut/Erth      ####....     1%          2

Your spell library contained the following spells:

 Spells                   Type           Power        Failure   Level
 Magic Dart               Conj           ##..         6%          1
 Summon Small Mammal      Summ           #...         8%          1
 Searing Ray              Conj           ##....       9%          2
 Petrify                  Tmut/Erth      ####....     11%         4
 Call Imp                 Summ           #.......     12%         2
 Dazzling Flash           Conj/Hex       #.....       21%         3
 Call Canine Familiar     Summ           #.......     22%         3
 Summon Guardian Golem    Hex/Summ       #.......     22%         3
 Fulminant Prism          Conj/Hex       #.........   54%         4
 Iskenderun's Mystic Bla  Conj/Tloc      #.......     54%         4
 Summon Ice Beast         Ice/Summ       #.......     58%         4
 Summon Lightning Spire   Summ/Air       #.......     58%         4


Dungeon Overview and Level Annotations

Branches:
Dungeon (6/15)             Temple (1/1) D:5

Altars:
Ashenzari
Cheibriados
Fedhas
Kikubaaqudgha
Makhleb
Nemelex Xobeh
Okawaru
Qazlal
Ru
Trog
Uskayaw
Vehumet
Wu Jian
Xom
Zin
The Shining One

Shops:
D:4 !


Innate Abilities, Weirdness & Mutations

You are resistant to torment.
Your stone body is resilient. (AC +5)
You are immune to poison.
You resist negative energy. (rN+)
You are resistant to electric shocks. (rElec)
You can survive without breathing.
You are immune to petrification.
You are immune to rotting.


Message History

The centaur shoots an arrow.
The arrow hits you.
* * * LOW HITPOINT WARNING * * *
The centaur shoots an arrow.
The arrow hits you but does no damage.
You see here 2 arrows.
You see here 2 arrows.
The centaur shoots an arrow.
The arrow hits you but does no damage.
You see here an arrow.
The centaur shoots an arrow.
The arrow hits you!
* * * LOW HITPOINT WARNING * * *
You see here an arrow.
Unknown command.
The centaur shoots an arrow.
The arrow hits you but does no damage.
The centaur shoots an arrow.
The arrow completely misses you.
You see here an arrow.
There is a stone staircase leading up here.
The four-headed hydra bites you.
* * * LOW HITPOINT WARNING * * *
The four-headed hydra bites you but does no damage. x2
The four-headed hydra bites you!
You die... ••••••••(((c█••••• •••• ••█ •••••••(███•█•••█ •••██••• ██•••█••••••█•••█ █•••••█ ██•••█••(••••••█ ██•••••█ ██•••█••(███••█ ███•••••█ █••••••••••••█ ██•••••••███ ██••••••••c••█████•••█••••••• ••••••(•••D••••••••███••••••> •••███•••••••@•••••███ █••██•>• ••█ █•••█████•••••█ █••█ •• •█ █••██ █••••••█ ██•██ • █••█ █••••••••█ █••█ █••• █•••█•••••█ █•<█ •• •••••██••••██•••█ █•••• ██•••••••██ •••••••█ █•••••••

You could see a four-headed hydra and a centaur.

Vanquished Creatures
  Grinder (D:4)
  Menkaure (D:5)
  An ice beast (D:6)
  A centaur (D:5)
  2 bullfrog zombies (D:5)
  An orc priest (D:5)
  A hound (D:4)
  Ijyb (D:3)
  A bullfrog skeleton (D:5)
  2 orc wizards
  2 centaur skeletons
  An iguana (D:4)
  2 worker ants
  12 gnolls
  6 adders
  A white imp (D:5)
  An ooze (D:3)
  A worm (D:2)
  A dart slug (D:1)
  4 leopard geckos
  9 orcs
  2 ball pythons
  5 giant cockroaches
  6 hobgoblins
  27 jackals
  13 kobolds
  A quokka (D:3)
  3 bats
  8 frilled lizards
  10 goblins
  2 rats
129 creatures vanquished.

Notes
Turn   | Place    | Note
-------+----------+-------------------------------------------
     0 | D:1      | Corto the Gargoyle Earth Elementalist began the quest for
                  | the Orb.
     0 | D:1      | Reached XP level 1. HP: 10/10 MP: 3/3
    24 | D:1      | Reached skill level 4 in Earth Magic
    24 | D:1      | Reached XP level 2. HP: 15/15 MP: 0/5
   731 | D:1      | Reached XP level 3. HP: 16/19 MP: 6/6
  2164 | D:2      | Reached XP level 4. HP: 20/24 MP: 5/8
  2169 | D:2      | Reached skill level 5 in Earth Magic
  2638 | D:2      | Found a faded altar of an unknown god.
  2668 | D:2      | Reached XP level 5. HP: 21/28 MP: 10/10
  3253 | D:3      | Noticed Ijyb
  3264 | D:3      | Killed Ijyb
  3753 | D:3      | Reached skill level 6 in Earth Magic
  3754 | D:3      | Reached XP level 6. HP: 22/32 MP: 8/12
  4585 | D:3      | Learned a level 3 spell: Stone Arrow
  4753 | D:4      | Found Sygoran's Distillery.
  4761 | D:4      | Bought a potion of curing for 30 gold pieces
  5435 | D:4      | Noticed Grinder
  5435 | D:4      | Paralysed by Grinder for 5 turns
  5449 | D:4      | Paralysed by Grinder for 7 turns
  5462 | D:4      | Killed Grinder
  5462 | D:4      | Reached skill level 5 in Spellcasting
  5462 | D:4      | Reached skill level 7 in Earth Magic
  5462 | D:4      | Reached XP level 7. HP: 6/36 MP: 10/14
  6723 | D:5      | Entered Level 5 of the Dungeon
  6888 | D:5      | Noticed Menkaure
  6894 | D:5      | Killed Menkaure
  6894 | D:5      | Reached skill level 8 in Earth Magic
  7150 | D:5      | Reached XP level 8. HP: 41/41 MP: 14/16
  7532 | D:5      | Learned a level 2 spell: Passwall
  7538 | D:5      | Learned a level 5 spell: Lee's Rapid Deconstruction
  7726 | D:5      | Found a sacrificial altar of Ru.
  7861 | D:5      | Found a staircase to the Ecumenical Temple.
  7870 | Temple   | Entered the Ecumenical Temple
  8071 | Temple   | Became a worshipper of Vehumet
  8543 | D:6      | Noticed a four-headed hydra
  8554 | D:6      | HP: 2/41 [centaur/arrow (10)]
  8560 | D:6      | HP: 2/41 [four-headed hydra (1)]
  8560 | D:6      | Mangled by a four-headed hydra

Illustrated notes

Levels and vault maps discovered:
D:1:      psy_arrival_radial01, layout_basic, minmay_hexomino_u4
D:2:      layout_rooms, chequers_ecumenical_altar_simple_redux
D:3:      layout_basic, uniq_ijyb
D:4:      layout_layer_cave, serial_shops, nicolae_shop_crystal,
          grunt_ministairs_2, uniq_grinder
D:5:      layout_basic, lemuel_round_altar, lemuel_temple_firewalk_b,
          minmay_liquid_box, hangedman_decor_push, uniq_menkaure
D:6:      hangedman_cross_stitches, layout_layer_cave, kennysheep_ying_yang,
          tgw_sif, chequers_mini_garden, nemelex_dance_club_becter
Temple:   regret_index_temple_generic_petals

Skill      XL: |  1  2  3  4  5  6  7  8 |
---------------+-------------------------+-----
Earth Magic    | 4 5 6 7 8 |  8.8
Spellcasting   | 3 4 5 6 |  6.4
Maces & Flails | |  0.5
Armour         | |  0.6
Dodging        | |  1.5
Stealth        | |  2.1
Conjurations   | |  0.6
Transmutations | |  0.7
Evocations     | |  0.6

Action                   |  1- 3 |  4- 6 |  7- 9 || total
-------------------------+-------+-------+-------++-------
Melee: Dagger            |   159 |    24 |       ||   183
       Unarmed           |     6 |       |       ||     6
       Whip              |       |   211 |    76 ||   287
 Cast: Sandblast         |    19 |    28 |    21 ||    68
Evoke: Wand              |       |     2 |     4 ||     6
  Use: Potion            |       |     1 |       ||     1
 Stab: Sleeping          |     2 |     2 |       ||     4
Armor: Robe              |    52 |    93 |    47 ||   192
Dodge: Dodged            |   105 |   172 |    71 ||   348

Table legend: (Time is in decaauts)
 A = Elapsed time spent in this place.
 B = Non-inter-level travel time spent in this place.
 C = Inter-level travel time spent in this place.
 D = Time resting spent in this place.
 E = Time spent auto-exploring this place.
 F = Levels seen in this place.
 G = Mean time per level.
                   A        B        C        D        E       F      G
               +--------+--------+--------+--------+--------+-----+--------+
         Total |   8587 |   8156 |    431 |   1086 |   5497 |   7 | 1226.7 |
       Dungeon |   8334 |   7934 |    400 |   1086 |   5314 |   6 | 1389.0 |
        Temple |    252 |    221 |     31 |      0 |    183 |   1 |  252.0 |
               +--------+--------+--------+--------+--------+-----+--------+
